Workbook

Sheet Dashboard
B2: Investment Portfolio
B4: 2025 · Holdings, asset class, return
B10: PORTFOLIO VALUE | E10: TOTAL P/L | H10: TOTAL RETURN | K10: BEST ASSET | N10: WORST ASSET
B11: =Calc!$B$18 | E11: =Calc!$B$19 | H11: =Calc!$B$20 | K11: =Calc!$B$21 | N11: =Calc!$B$23
B12: Current market | E12: Vs cost basis | H12: Whole portfolio | K12: Highest return % | N12: Lowest return %
B14: OVERVIEW
B30: CLASSES & RETURNS
B60: Data source: 'Data' sheet · Calculations: 'Calc' sheet · Change values and the dashboard updates automatically.

Sheet Data
A1: ASSET | B1: CLASS | C1: COST BASIS | D1: UNITS | E1: CURRENT PRICE | F1: VALUE | G1: P/L | H1: RETURN %
A2: AAPL | B2: Stocks | C2: 796 | D2: 243 | E2: 3.36 | F2: =D2*E2 | G2: =F2-C2 | H2: =IFERROR((F2-C2)/C2,0)
A3: MSFT | B3: Stocks | C3: 106 | D3: 137 | E3: 0.6 | F3: =D3*E3 | G3: =F3-C3 | H3: =IFERROR((F3-C3)/C3,0)
A4: GOOG | B4: Stocks | C4: 4968 | D4: 29 | E4: 165.52 | F4: =D4*E4 | G4: =F4-C4 | H4: =IFERROR((F4-C4)/C4,0)
A5: TSLA | B5: Stocks | C5: 3324 | D5: 30 | E5: 79.45 | F5: =D5*E5 | G5: =F5-C5 | H5: =IFERROR((F5-C5)/C5,0)
A6: US 10Y | B6: Bonds | C6: 5454 | D6: 175 | E6: 42.84 | F6: =D6*E6 | G6: =F6-C6 | H6: =IFERROR((F6-C6)/C6,0)
A7: BTC | B7: Crypto | C7: 822 | D7: 26.84 | E7: 25.83 | F7: =D7*E7 | G7: =F7-C7 | H7: =IFERROR((F7-C7)/C7,0)
A8: ETH | B8: Crypto | C8: 4877 | D8: 49.63 | E8: 120.87 | F8: =D8*E8 | G8: =F8-C8 | H8: =IFERROR((F8-C8)/C8,0)
A9: Gold (oz) | B9: Gold | C9: 1641 | D9: 41 | E9: 57.38 | F9: =D9*E9 | G9: =F9-C9 | H9: =IFERROR((F9-C9)/C9,0)
A10: S&P 500 ETF | B10: Funds | C10: 6065 | D10: 38 | E10: 150.31 | F10: =D10*E10 | G10: =F10-C10 | H10: =IFERROR((F10-C10)/C10,0)
A11: USD Cash | B11: Cash | C11: 6180 | D11: 73 | E11: 96.93 | F11: =D11*E11 | G11: =F11-C11 | H11: =IFERROR((F11-C11)/C11,0)
A12: EUR Cash | B12: Cash | C12: 2350 | D12: 91 | E12: 37.38 | F12: =D12*E12 | G12: =F12-C12 | H12: =IFERROR((F12-C12)/C12,0)
A13: Money Market | B13: Funds | C13: 7376 | D13: 144 | E13: 60.07 | F13: =D13*E13 | G13: =F13-C13 | H13: =IFERROR((F13-C13)/C13,0)

Sheet Calc
A1: ASSET | B1: VALUE | C1: RETURN % | E1: CLASS | F1: VALUE | G1: SHARE %
A2: AAPL | B2: ='Data'!$F$2 | C2: ='Data'!$H$2 | E2: Stocks | F2: =SUMIFS('Data'!$F$2:$F$5000,'Data'!$B$2:$B$5000,$E2) | G2: =IFERROR(F2/SUM($F$2:$F$7),0)
A3: MSFT | B3: ='Data'!$F$3 | C3: ='Data'!$H$3 | E3: Bonds | F3: =SUMIFS('Data'!$F$2:$F$5000,'Data'!$B$2:$B$5000,$E3) | G3: =IFERROR(F3/SUM($F$2:$F$7),0)
A4: GOOG | B4: ='Data'!$F$4 | C4: ='Data'!$H$4 | E4: Crypto | F4: =SUMIFS('Data'!$F$2:$F$5000,'Data'!$B$2:$B$5000,$E4) | G4: =IFERROR(F4/SUM($F$2:$F$7),0)
A5: TSLA | B5: ='Data'!$F$5 | C5: ='Data'!$H$5 | E5: Gold | F5: =SUMIFS('Data'!$F$2:$F$5000,'Data'!$B$2:$B$5000,$E5) | G5: =IFERROR(F5/SUM($F$2:$F$7),0)
A6: US 10Y | B6: ='Data'!$F$6 | C6: ='Data'!$H$6 | E6: Funds | F6: =SUMIFS('Data'!$F$2:$F$5000,'Data'!$B$2:$B$5000,$E6) | G6: =IFERROR(F6/SUM($F$2:$F$7),0)
A7: BTC | B7: ='Data'!$F$7 | C7: ='Data'!$H$7 | E7: Cash | F7: =SUMIFS('Data'!$F$2:$F$5000,'Data'!$B$2:$B$5000,$E7) | G7: =IFERROR(F7/SUM($F$2:$F$7),0)
A8: ETH | B8: ='Data'!$F$8 | C8: ='Data'!$H$8
A9: Gold (oz) | B9: ='Data'!$F$9 | C9: ='Data'!$H$9
A10: S&P 500 ETF | B10: ='Data'!$F$10 | C10: ='Data'!$H$10
A11: USD Cash | B11: ='Data'!$F$11 | C11: ='Data'!$H$11
A12: EUR Cash | B12: ='Data'!$F$12 | C12: ='Data'!$H$12
A13: Money Market | B13: ='Data'!$F$13 | C13: ='Data'!$H$13
A16: KPI CALCULATIONS
A17: Total Cost | B17: =SUM('Data'!$C$2:$C$5000)
A18: Total Value | B18: =SUM('Data'!$F$2:$F$5000)
A19: Net P/L | B19: =$B$18-$B$17
A20: Total Return % | B20: =IFERROR($B$19/$B$17,0)
A21: Best Asset | B21: =INDEX($A$2:$A$13,MATCH(MAX($C$2:$C$13),$C$2:$C$13,0))
A22: Best Return | B22: =MAX($C$2:$C$13)
A23: Worst Asset | B23: =INDEX($A$2:$A$13,MATCH(MIN($C$2:$C$13),$C$2:$C$13,0))
A24: Worst Return | B24: =MIN($C$2:$C$13)
A25: Asset Count | B25: =COUNTA('Data'!$A$2:$A$5000)
